 Dungeon Crawl Stone Soup version 0.26.1-11-gd32895ea62 (webtiles) character file.

Game seed: 13904607732498573338

377 Zeld the Chucker (level 6, 0/39 HPs)
             Began as an Octopode Brigand on May 13, 2021.
             Slain by an adder (1 damage)
             ... on level 4 of the Dungeon.
             The game lasted 00:09:07 (4434 turns).

Zeld the Chucker (Octopode Brigand)                 Turns: 4434, Time: 00:09:08

Health: 0/39       AC:  1    Str: 12    XL:     6   Next: 73%
Magic:  6/6        EV: 13    Int: 13    God:
Gold:   103        SH:  0    Dex: 14    Spells: 5/5 levels left

rFire    . . .     SeeInvis .   a - +2 dagger
rCold    . . .     Faith    .   (no shield)
rNeg     . . .     Spirit   .   (helmet restricted)
rPois    .         Reflect  .   (no amulet)
rElec    .         Harm     .   (no ring)
rCorr    .         Rampage  .   (no ring)
Will     .....                  (no ring)
Stlth    ++++......             (no ring)
HPRegen  0.13/turn              (no ring)
MPRegen  0.10/turn              (no ring)
                                (no ring)
                                (no ring)

@: no status effects
A: almost no armour, stealthy swim, amphibious, 8 rings, constrict 8, camouflage
1, gelatinous body 1
a: no special abilities


You were on level 4 of the Dungeon.
You visited 2 branches of the dungeon, and saw 5 of its levels.

You collected 103 gold pieces.

Inventory:

Hand Weapons
 a - a +2 dagger (weapon)
Missiles
 b - 8 poisoned darts (quivered)
 c - 2 curare-tipped darts
Jewellery
 h - an uncursed amulet of faith {unknown}
 k - a cursed ring of teleportation {unknown}
 l - an uncursed ring of see invisible {unknown}
 m - a +6 ring of intelligence {unknown}
 w - a cursed ring of attention {unknown}
 y - an uncursed ring of protection from cold {unknown}
Wands
 x - a wand of polymorph (7)
Scrolls
 f - a scroll of fear {unknown}
 i - a scroll of teleportation {unknown}
 o - a scroll of enchant weapon {unknown}
 p - a scroll of identify {unknown}
 q - a scroll of remove curse {unknown}
 r - 2 scrolls of enchant armour {unknown}
 s - a scroll of fog {unknown}
 t - 2 scrolls of magic mapping {unknown}
 v - a scroll of amnesia {unknown}
Potions
 d - 3 potions of mutation {unknown}
 e - 2 potions of might {unknown}
 g - a potion of degeneration {unknown}
 j - a potion of ambrosia {unknown}
 n - a potion of heal wounds {unknown}
 u - 2 potions of curing {unknown}


   Skills:
 - Level 2.0 Fighting
 * Level 4.0 Short Blades
 - Level 6.0 Throwing
 - Level 1.0 Dodging
 - Level 5.3 Stealth


You had 5 spell levels left.
You didn't know any spells.
Your spell library was empty.

Dungeon Overview and Level Annotations

Branches:
Dungeon (4/15)             Temple (1/1) D:4

Altars:
Dithmenos
Hepliaklqana
Kikubaaqudgha
Okawaru
Qazlal
Sif Muna
Uskayaw
Xom
Yredelemnul
Zin
The Shining One
Jiyva


Innate Abilities, Weirdness & Mutations

You cannot wear most types of armour.
You are very stealthy in the water. (Stealth+)
You are amphibious.
You can wear up to eight rings at the same time.
You can use your tentacles to constrict eight enemies at once.
Your skin changes colour to match your surroundings (Stealth+).
Your rubbery body absorbs attacks. (AC +1, EV +1)


Message History

The phantom blinks!
The phantom barely misses you.
You see here 2 curare-tipped darts.
c - 2 curare-tipped darts The phantom hits you!
* * * LOW HITPOINT WARNING * * *
An adder comes into view.
The adder hisses angrily.
The phantom hits you.
* * * LOW HITPOINT WARNING * * *
The phantom blinks!
The phantom blinks!
You barely miss the adder. Your grab misses the adder.
Your squeeze misses the adder. The adder bites you.
* * * LOW HITPOINT WARNING * * *
You hit the adder but do no damage. Your grab misses the adder.
Your squeeze misses the adder. The adder barely misses you.
You closely miss the adder. You grab the adder. You constrict the adder.
The adder bites you.
You die...

#..............$....##
#.###..............##
#.###.#............#
#...≈≈§...........##
#..≈≈§≈†.##......##
##§§≈≈≈≈≈##.######
#≈≈≈>≈§≈##.#
#≈§§≈≈≈≈##S#
#.≈≈§≈≈.##@#####
#..≈§≈..##.....#####
###...###...........
#..###............
#.###............. #
#..............## ####
####............#
...#### #......†.....#
##....####
#............#


You could see an adder.

Vanquished Creatures
  An ogre (D:3)
  A hound (D:4)
  An orc priest (D:4)
  Jessica (D:3)
  An iguana (D:4)
  Robin (D:3)
  5 adders
  An ooze (D:3)
  3 worms
  4 dart slugs (D:1)
  2 leopard geckos
  2 orcs (D:4)
  5 giant cockroaches
  15 hobgoblins
  9 jackals
  A quokka (D:4)
  3 ball pythons
  9 bats
  8 frilled lizards
  11 goblins
  13 kobolds
  4 rats
101 creatures vanquished.

Notes
Turn   | Place    | Note
-------+----------+-------------------------------------------
     0 | D:1      | Zeld the Octopode Brigand began the quest for the Orb.
     0 | D:1      | Reached XP level 1. HP: 14/14 MP: 1/1
   121 | D:1      | Reached XP level 2. HP: 19/19 MP: 2/2
   198 | D:1      | Reached skill level 3 in Throwing
   515 | D:1      | Reached XP level 3. HP: 22/24 MP: 3/3
  1016 | D:2      | Reached skill level 4 in Throwing
  1143 | D:2      | Reached XP level 4. HP: 17/29 MP: 4/4
  1496 | D:2      | Found a hazy altar of Hepliaklqana.
  2029 | D:3      | Reached skill level 5 in Throwing
  2029 | D:3      | Reached XP level 5. HP: 28/34 MP: 5/5
  2179 | D:3      | Noticed Robin
  2193 | D:3      | Killed Robin
  2194 | D:3      | Noticed an ogre
  2422 | D:3      | Found a hide-covered altar of Uskayaw.
  2422 | D:3      | Noticed a +0 hand axe
  2422 | D:3      | Noticed a +0 hand axe
  2729 | D:3      | Noticed Jessica
  2738 | D:3      | Killed Jessica
  2880 | D:4      | Noticed a phantom
  2977 | D:3      | Found a hide-covered altar of Uskayaw.
  3140 | D:3      | Killed an ogre
  3141 | D:3      | Reached skill level 6 in Throwing
  3141 | D:3      | Reached XP level 6. HP: 39/39 MP: 6/6
  4259 | D:4      | Found a staircase to the Ecumenical Temple.
  4283 | Temple   | Entered the Ecumenical Temple
  4432 | D:4      | HP: 1/39 [adder (2)]
  4434 | D:4      | Slain by an adder

Illustrated notes

Levels and vault maps discovered:
D:1:      dpeg_arrival_simpleton_c, layout_basic
D:2:      layout_loops_ring, general_overflow_altar
D:3:      layout_rooms, dancing_weapons_uskayaw, serial_corexii_hall,
          chequers_hall_statues_corner_a, corexii_hall_statues_i,
          chequers_garden, uniq_jessica, uniq_robin
D:4:      layout_cave_pods, minmay_temple_entry_mist, serial_bayou_pond_b,
          corexii_leaking_fountain
Temple:   pf_slimified_temple

Skill      XL: |  1  2  3  4  5  6 |
---------------+-------------------+-----
Throwing       | 3 4 5 6 |  6.0
Short Blades   | 3 4 |  4.0
Fighting       | |  2.0
Dodging        | |  1.0
Stealth        | |  5.3

Action                   |  1- 3 |  4- 6 || total
-------------------------+-------+-------++-------
Melee: Dagger            |    58 |   143 ||   201
       Tentacles         |    15 |    31 ||    46
       Constrict         |    12 |    41 ||    53
Throw: Dart              |       |     8 ||     8
 Stab: Sleeping          |    18 |     5 ||    23
       Distracted        |     1 |       ||     1
Armor: Skin              |     4 |    15 ||    19
Dodge: Dodged            |    28 |    87 ||   115
